 Dungeon Crawl Stone Soup version 0.30-a0-141-g30f27751c5 (webtiles) character file.

Game seed: 17486904126125379015

128 Belterius the Shield-Bearer (level 4, -4/41 HPs)
             Began as a Minotaur Fighter on Sept 25, 2022.
             Slain by Natasha (5 damage)
             ... on level 3 of the Dungeon.
             The game lasted 00:03:27 (1900 turns).

Belterius the Shield-Bearer (Minotaur Fighter)      Turns: 1900, Time: 00:03:27

Health: -4/41      AC: 10    Str: 23    XL:     4   Next: 86%
Magic:  3/3        EV:  7    Int:  5    God:
Gold:   44         SH:  4    Dex:  9    Spells: 3/3 levels left

rFire   . . .      SeeInvis .    a - +0 war axe
rCold   . . .      Faith    .    c - +0 buckler
rNeg    . . .      Spirit   .    d - +1 chain mail {rPois}
rPois   +          Reflect  .    (helmet restricted)
rElec   .          Harm     .    (no cloak)
rCorr   .          Rampage  .    (no gloves)
Will    .....                    (no boots)
Stlth   ..........               (no amulet)
HPRegen 0.13/turn                (no ring)
MPRegen 0.08/turn                (no ring)

@: slowed, very slow
A: horns 2, retaliatory headbutt
a: no special abilities


You were on level 3 of the Dungeon.
You visited 1 branch of the dungeon, and saw 3 of its levels.

You collected 44 gold pieces.

Inventory:

Hand Weapons
 a - a +0 war axe (weapon)
Armour
 c - a +0 buckler (worn)
 d - a +1 chain mail of poison resistance (worn)
Jewellery
 n - a ring of wizardry
Scrolls
 e - a scroll of fog {unknown}
 g - 2 scrolls of identify {unknown}
 i - a scroll of brand weapon {unknown}
 j - a scroll of immolation {unknown}
 l - a scroll of noise {unknown}
 o - a scroll of enchant armour {unknown}
Potions
 b - 2 potions of berserk rage {unknown}
 f - 2 potions of curing {unknown}
 h - a potion of cancellation {unknown}
 k - 2 potions of degeneration {unknown}
 m - a potion of resistance {unknown}


   Skills:
 + Level 4.6 Fighting
 + Level 3.6 Axes
 + Level 4.6 Armour
 + Level 4.6 Shields


You had 3 spell levels left.
You didn't know any spells.
Your spell library contained the following spells:

 Spells                   Type           Power      Damage    Failure   Level
 Apportation              Tloc           0%         N/A       99%         1
 Portal Projectile        Hex/Tloc       0%         N/A       100%        3
 Tukima's Dance           Hex            0%         N/A       100%        3
 Animate Dead             Necr           0%         N/A       100%        4
 Alistair's Intoxication  Tmut/Pois      0%         N/A       100%        5
 Blade Hands              Tmut           0%         N/A       100%        5
 Haunt                    Necr/Summ      0%         N/A       100%        7
 Infestation              Necr           0%         N/A       100%        8


Dungeon Overview and Level Annotations

Branches:
Dungeon (3/15)

Altars:

Annotations:
D:3 Natasha


Innate Abilities, Weirdness & Mutations

You have a pair of horns on your head.
You reflexively headbutt those who attack you in melee.


Message History

You barely miss Natasha. Your headbutt misses Natasha.
Natasha stares at you and mumbles some strange words.
The magic dart hits you. Natasha claws you but does no damage.
You closely miss Natasha. Natasha claws you but does no damage.
You slash Natasha!
Natasha is severely wounded.
Natasha claws you.
You hit Natasha but do no damage. Your headbutt misses Natasha.
Natasha is severely wounded.
Natasha claws you but does no damage.
Natasha stares at you and mumbles some strange words.
You feel yourself slow down.
You hit Natasha but do no damage.
Natasha is severely wounded.
Natasha stares at you and mumbles some strange words.
You resist with some effort.
Natasha mumbles some strange words.
You feel troubled. Natasha claws you!
You are too injured to fight recklessly!
You hit Natasha but do no damage.
Natasha is severely wounded.
The crimson imp blinks!
You block Natasha's attack.
Natasha mumbles some strange words.
You closely miss Natasha. Your headbutt misses Natasha.
Natasha is severely wounded.
Natasha claws you. Natasha claws you!
* * * LOW HITPOINT WARNING * * *
You barely miss Natasha.
Natasha is severely wounded.
The white imp disappears in a puff of smoke!
Natasha claws you.
* * * LOW HITPOINT WARNING * * *
Natasha claws you but does no damage.
Unknown command.
You hit Natasha.
Natasha is severely wounded.
The crimson imp disappears in a puff of smoke!
Natasha claws you.
You die...

######
#....
+....
#...
#...
.ยง#
#h#
#@#
###


You could see Natasha.

Vanquished Creatures
  Terence (D:2)
  Natasha (D:2)
  3 adders (D:2)
  A dart slug (D:2)
  An orc (D:2)
  6 endoplasms
  4 giant cockroaches
  3 hobgoblins
  3 jackals (D:1)
  3 quokkas
  7 ball pythons
  4 bats
  A frilled lizard (D:1)
  2 goblins (D:1)
  A kobold (D:2)
  3 rats (D:1)
44 creatures vanquished.

Notes
Turn   | Place    | Note
-------+----------+-------------------------------------------
     0 | D:1      | Belterius the Minotaur Fighter began the quest for the Orb.
     0 | D:1      | Reached XP level 1. HP: 19/19 MP: 0/0
    46 | D:1      | Reached XP level 2. HP: 21/27 MP: 1/1
   517 | D:1      | Reached XP level 3. HP: 32/33 MP: 2/2
   524 | D:1      | Found a faded altar of an unknown god.
   812 | D:2      | Identified the +0 pair of gloves of Byured {rN+ SInv}
   865 | D:2      | Noticed Terence
   871 | D:2      | Killed Terence
   872 | D:2      | Reached XP level 4. HP: 17/41 MP: 3/3
  1457 | D:2      | Noticed Natasha
  1463 | D:2      | Killed Natasha
  1602 | D:2      | Noticed Natasha
  1899 | D:3      | HP: 1/41 [Natasha (5)]
  1900 | D:3      | Slain by Natasha

Illustrated notes

Levels and vault maps discovered:
D:1:      spicycebolla_arrival_transporter_tutorial, layout_rooms,
          hellmonk_ecumenical_altar_heavens_door, minmay_domino_4
D:2:      layout_loops_ring, kennysheep_doodads, uniq_terence, uniq_natasha
D:3:      layout_basic, lemuel_crystal_altar,
          yredelemnul_forgotten_temple_becter, columned_hall_lemuel,
          wad_orctagon, uniq_ijyb

Skill      XL: |  1  2 |
---------------+-------+-----
Shields        | 4 |  4.6
Armour         | 4 |  4.6
Fighting       | 4 |  4.6
Axes           | 3 |  3.6

Action                   |  1- 3 |  4- 6 || total
-------------------------+-------+-------++-------
Melee: War axe           |    82 |    33 ||   115
       Headbutt          |    13 |     3 ||    16
  Use: Potion            |     1 |       ||     1
Armor: Scale mail        |    43 |       ||    43
       Chain mail        |       |    22 ||    22
Dodge: Dodged            |    55 |    10 ||    65
Block: Buckler           |    12 |     6 ||    18

Table legend: (Time is in decaauts)
 A = Elapsed time spent in this place.
 B = Non-inter-level travel time spent in this place.
 C = Inter-level travel time spent in this place.
 D = Time resting spent in this place.
 E = Time spent auto-exploring this place.
 F = Levels seen in this place.
 G = Mean time per level.
                   A        B        C        D        E       F      G
               +--------+--------+--------+--------+--------+-----+--------+
         Total |   1949 |   1923 |     26 |    575 |   1001 |   3 |  649.7 |
       Dungeon |   1949 |   1923 |     26 |    575 |   1001 |   3 |  649.7 |
               +--------+--------+--------+--------+--------+-----+--------+

Top non-repeatable levels by time:
     D:2: 1096 daAuts
     D:1: 592 daAuts
     D:3: 260 daAuts
